[Event "International chess holiday K11"]
[Site "?"]
[Date "2019.07.24"]
[Round "6"]
[White "Hejsek, Lukas"]
[Black "Nentvich, Nentvich"]
[Result "1-0"]
[ECO "A46"]
[WhiteElo "1885"]
[BlackElo "1839"]
[Annotator "Doe,John"]
[PlyCount "111"]
[TimeControl "240+2"]

1. d4 Nf6 2. Nf3 c5 3. g3 cxd4 4. Nxd4 e5 5. Nf3 Nc6 6. c4 d5 7. cxd5
Bb4+ 8. Bd2 Qxd5 9. a3 Bxd2+ 10. Qxd2 Nd4 11. Bg2 Ne4 12. Nxd4 exd4 13. Nc3
Nxd2 14. Nxd5 Nb3 15. Rd1 O-O 16. Rd3 Nc5 17. Rxd4 Rb8 18. O-O Be6 19. b4 Bxd5
20. Rxd5 Ne6 21. Rd7 Rfd8 22. Rfd1 Kf8 23. Rxd8+ Rxd8 24. Rxd8+ Nxd8 25. Kf1
Ke7 26. Ke1 Kd6 27. Kd2 b6 28. Kd3 Ne6 29. e3 Nc7 30. Kc4 Ke5 31. f4+ Kf5 32.
Bf3 Ke6 33. Bg4+ f5 34. Bf3 h6 35. Bg2 g5 36. Bh3 Kf6 37. g4 gxf4 38. exf4 fxg4
39. Bxg4 Ke7 40. a4 Kf6 41. b5 Ke7 42. Kd4 Kf6 43. Ke4 a6 44. a5 Nxb5 45. axb6
Ke7 46. Kd5 Nd6 47. f5 Nb7 48. Ke5 Nc5 49. f6+ Kf7 50. Bc8 a5 51. b7 Na6 52.
Be6+ Kf8 53. f7 Ke7 54. Ba2 Nc5 55. f8=Q+ Kxf8 56. b8=Q+ 1-0

[Event "International chess holiday K11"]
[Site "?"]
[Date "2019.07.24"]
[Round "6"]
[White "Spindler, Markus"]
[Black "Pribyl, Jaroslav"]
[Result "1/2-1/2"]
[ECO "B12"]
[WhiteElo "1972"]
[BlackElo "1926"]
[Annotator "Doe,John"]
[PlyCount "122"]
[TimeControl "240+2"]

1. e4 c6 2. d4 d5 3. e5 Bf5 4. h4 h5 5. c4 dxc4 6. Bxc4 e6 7. Nf3 Nd7
8. Nc3 Nb6 9. Bd3 Bxd3 10. Qxd3 Ne7 11. Bg5 Qc7 12. Rc1 Qd7 13. O-O Nf5 14.
Rfd1 Be7 15. Ne4 Rd8 16. Nc5 Qc7 17. a3 Rd5 18. b4 Nd7 19. Qe4 Nxc5 20. bxc5 b6
21. cxb6 axb6 22. Rd3 Bxg5 23. Nxg5 Ke7 24. Nf3 Rhd8 25. Qf4 Kf8 26. g4 hxg4
27. Qxg4 Qd7 28. Ng5 Ke8 29. Qe4 Rxd4 30. Rxd4 Nxd4 31. Qe3 c5 32. Ne4 Nf5 33.
Qg5 Qe7 34. Qh5 Rd4 35. Qh8+ Qf8 36. Qxf8+ Kxf8 37. f3 Nxh4 38. Kf2 Nf5 39. Rb1
Ra4 40. Rxb6 g6 41. Nxc5 Rxa3 42. Rb4 Ra2+ 43. Kg1 Rc2 44. Nd7+ Kg7 45. Nf6 Rc8
46. Kf2 Rd8 47. Rc4 Nh6 48. Rh4 Rd2+ 49. Ke1 Rd8 50. Kf2 g5 51. Rc4 Ng8 52. Ne4
Kg6 53. Rc7 f6 54. Rc6 Re8 55. Nd6 Re7 56. Nc8 Re8 57. Nd6 Rd8 58. Ne4 Kf5 59.
exf6 Nxf6 60. Nxg5 Kxg5 61. Rxe6 Kf5 1/2-1/2

[Event "International chess holiday M21"]
[Site "?"]
[Date "2019.07.30"]
[Round "5"]
[White "Rejlic, Michael"]
[Black "Hapke, Ralf"]
[Result "1/2-1/2"]
[ECO "B22"]
[WhiteElo "1890"]
[BlackElo "1831"]
[Annotator "Doe,John"]
[PlyCount "34"]
[TimeControl "240+2"]

1. e4 c5 2. c3 e6 3. d4 d5 4. exd5 Qxd5 5. Nf3 Nf6 6. Be3 b6 7. Na3 Be7
8. Bc4 Qb7 9. dxc5 bxc5 10. O-O O-O 11. Qc2 Nc6 12. Rfd1 Bd7 13. Bd3 h6 14. Nc4
Rfd8 15. Rd2 Nd5 16. Rad1 Nxe3 17. Nxe3 Be8 1/2-1/2

[Event "International chess holiday M21"]
[Site "?"]
[Date "2019.07.30"]
[Round "5"]
[White "Kasparova, Tatiana"]
[Black "Kasparov, Sergey"]
[Result "0-1"]
[ECO "A57"]
[WhiteElo "2003"]
[BlackElo "2453"]
[Annotator "Doe,John"]
[PlyCount "54"]
[TimeControl "240+2"]

1. d4 Nf6 2. c4 c5 3. d5 b5 4. cxb5 a6 5. bxa6 g6 6. Nc3 Bg7 7. Nf3 O-O
8. e3 Qa5 9. Bd2 Bxa6 10. Be2 d6 11. O-O Bxe2 12. Nxe2 Qa6 13. Bc3 Nbd7 14. Nf4
Nb6 15. b3 Qb7 16. e4 Nxe4 17. Bxg7 Kxg7 18. Qd3 Nf6 19. Rfd1 Ra3 20. h4 Rfa8
21. h5 c4 22. Qd4 cxb3 23. axb3 Rxa1 24. Rxa1 Rxa1+ 25. Qxa1 Nbxd5 26. Nxd5
Qxd5 27. hxg6 hxg6 0-1

[Event "International chess holiday M21"]
[Site "?"]
[Date "2019.07.30"]
[Round "5"]
[White "Vesely, Jaromir"]
[Black "Muzikár, Martin"]
[Result "1-0"]
[ECO "D38"]
[WhiteElo "1958"]
[BlackElo "1907"]
[Annotator "Doe,John"]
[PlyCount "91"]
[TimeControl "240+2"]

1. d4 d5 2. c4 e6 3. Nc3 Nf6 4. Nf3 Bb4 5. a3 Bxc3+ 6. bxc3 Ne4 7. Qc2
O-O 8. e3 Nd7 9. Bd3 f5 10. O-O Ndf6 11. Ne5 Nd7 12. Nxd7 Bxd7 13. f3 Nd6 14.
c5 Nf7 15. e4 g6 16. c4 dxe4 17. fxe4 b6 18. c6 Bxc6 19. d5 Ne5 20. Bb2 Nxd3
21. Qxd3 exd5 22. Qd4 Qe7 23. exd5 Qc5 24. Qxc5 bxc5 25. dxc6 Rab8 26. Be5 Rb6
27. Rad1 Rxc6 28. Rd7 Rf7 29. Rfd1 h5 30. Rd8+ Rf8 31. R1d7 Rxd8 32. Rxd8+ Kf7
33. Rd7+ Ke6 34. Rxc7 Ra6 35. Rxc5 Rxa3 36. g3 Ra2 37. Bf4 a5 38. Rc6+ Kf7 39.
c5 a4 40. Ra6 a3 41. c6 Rc2 42. c7 g5 43. Be5 Ke8 44. Rxa3 Kd7 45. Rd3+ Kc8 46.
Rd8+ 1-0

[Event "International chess holiday K21"]
[Site "?"]
[Date "2019.07.30"]
[Round "5"]
[White "Hadzala, Daniel"]
[Black "Oelmann"]
[Result "1-0"]
[ECO "A11"]
[WhiteElo "2049"]
[BlackElo "1951"]
[Annotator "Doe,John"]
[PlyCount "73"]
[TimeControl "240+2"]

1. Nf3 d5 2. g3 c6 3. Bg2 Bg4 4. c4 e6 5. O-O Nd7 6. Qc2 Ngf6 7. d3
dxc4 8. Qxc4 Bxf3 9. Bxf3 Ne5 10. Qf4 Bd6 11. Qe3 Nd5 12. Bxd5 cxd5 13. Nc3 O-O
14. f4 Nc6 15. Qf3 Rc8 16. Rb1 f6 17. Bd2 a6 18. Rfd1 b5 19. e4 d4 20. Ne2 e5
21. f5 Qe7 22. g4 Bb4 23. Bc1 Bd6 24. Kh1 Nb4 25. Rg1 g5 26. fxg6 hxg6 27. Bh6
Rf7 28. Rbc1 Rxc1 29. Rxc1 Qd7 30. a3 Nc6 31. Bd2 g5 32. Ng3 Ne7 33. Nh5 Qe6
34. Rf1 Ng6 35. Nxf6+ Kh8 36. Qh3+ Nh4 37. Bxg5 1-0

[Event "International chess holiday K21"]
[Site "?"]
[Date "2019.07.30"]
[Round "5"]
[White "Vit, Zdenek"]
[Black "Feldvábl, Vilem"]
[Result "1/2-1/2"]
[ECO "C42"]
[WhiteElo "1732"]
[BlackElo "1676"]
[Annotator "Doe,John"]
[PlyCount "44"]
[TimeControl "240+2"]

1. e4 e5 2. Nf3 Nf6 3. Nxe5 d6 4. Nf3 Nxe4 5. d4 d5 6. Bd3 Bf5 7. O-O
Be7 8. Re1 O-O 9. c4 c6 10. a3 b6 11. Qc2 Bg6 12. cxd5 cxd5 13. Ne5 Nf6 14.
Nxg6 hxg6 15. Nc3 a6 16. h3 Ra7 17. Be3 Bd6 18. Rac1 b5 19. Qd2 Nbd7 20. Re2
Nb6 21. Bf4 Bxf4 22. Qxf4 Re7 1/2-1/2

[Event "International chess holiday K21"]
[Site "?"]
[Date "2019.07.30"]
[Round "5"]
[White "Pelikan, Jaromir"]
[Black "Nelson, Wayne"]
[Result "1/2-1/2"]
[ECO "E01"]
[WhiteElo "1760"]
[BlackElo "1959"]
[Annotator "Doe,John"]
[PlyCount "111"]
[TimeControl "240+2"]

1. Nf3 d5 2. d4 Nf6 3. c4 e6 4. g3 c6 5. Bg2 Bd6 6. O-O O-O 7. b3 Nbd7
8. Bb2 Qc7 9. Nc3 Re8 10. cxd5 exd5 11. Rc1 Qd8 12. Qc2 Nf8 13. a3 Ng6 14. e3
Bg4 15. b4 Qd7 16. Na4 Ne4 17. Nc5 Bxc5 18. dxc5 Bh3 19. Bd4 Bxg2 20. Kxg2 Re6
21. Qb2 f6 22. a4 a6 23. h4 Rae8 24. Rfd1 Ne5 25. Bxe5 fxe5 26. Qc2 Qf7 27. Ng5
Nxg5 28. hxg5 e4 29. Qe2 Re5 30. Qg4 Rf8 31. Rf1 Qf3+ 32. Kh3 Qxg4+ 33. Kxg4
Rff5 34. b5 Rxg5+ 35. Kh3 axb5 36. axb5 Rgf5 37. bxc6 bxc6 38. Rb1 Re6 39. Kg2
Ref6 40. Rb2 h5 41. Ra1 Kh7 42. Ra7 Kh6 43. Rd7 Kg6 44. Rc2 Rf7 45. Rxf7 Rxf7
46. Rb2 Kf5 47. Rb6 Rf6 48. Rb7 g6 49. Rc7 Re6 50. Kh3 Rf6 51. Kg2 Kg5 52. Rd7
h4 53. gxh4+ Kxh4 54. Rd6 Kg5 55. Rd7 Kf5 56. Kg3 1/2-1/2

[Event "International chess holiday K21"]
[Site "?"]
[Date "2019.07.30"]
[Round "5"]
[White "Feirfeil, Jiri"]
[Black "Hapke, Yvonne"]
[Result "0-1"]
[ECO "A45"]
[WhiteElo "1662"]
[BlackElo "1792"]
[Annotator "Doe,John"]
[PlyCount "154"]
[TimeControl "240+2"]

1. d4 Nf6 2. Bf4 g6 3. e3 Bg7 4. Nd2 d5 5. Be2 O-O 6. g4 Nbd7 7. h4 Ne4
8. Nxe4 dxe4 9. h5 e5 10. dxe5 Nxe5 11. hxg6 Qxd1+ 12. Rxd1 fxg6 13. Bxe5 Bxe5
14. c3 Be6 15. a3 c6 16. Rd2 Rad8 17. Rxd8 Rxd8 18. Nh3 Kg7 19. Ng5 Bg8 20.
Rxh7+ Bxh7 21. Ne6+ Kf6 22. Nxd8 Bg8 23. Nxb7 Be6 24. Na5 Bd7 25. Nc4 Bc7 26. Nd2 Ke5 27. c4 c5 28. b4 cxb4 29. axb4 a5 30.
bxa5 Bxa5 31. Kd1 Bb4 32. f4+ exf3 33. Bxf3 Be6 34. Be2 Bc5 35. Nf3+ Kf6 36.
Nd4 Bd7 37. Kd2 Ke5 38. Kd3 Be8 39. Bf3 g5 40. Be4 Ba4 41. Bf5 Bd1 42. Ne2 Ba4
43. Ng3 Bc6 44. Ne4 Be7 45. Nc3 Bc5 46. e4 Be8 47. Nd5 Ba4 48. Nc3 Be8 49. Nb1
Ba4 50. Nd2 Bd1 51. Bc8 Kf4 52. Bf5 Bxg4 53. Bxg4 Kxg4 54. Nb3 Bd6 55. c5 Bc7
56. Kd4 Kf4 57. Nc1 g4 58. Nd3+ Kg5 59. Ke3 Kf6 60. Kd4 Ke6 61. Ke3 Kf6 62. Kd4
Ke6 63. e5 g3 64. Ke4 Bd8 65. Nf4+ Kd7 66. Kd5 Bg5 67. Ng2 Be7 68. c6+ Kc7 69.
Nf4 Bb4 70. e6 Bd6 71. Ng2 Bb4 72. Ke5 Kxc6 73. Kf6 Kc7 74. Kf7 Kd8 75. Ne3 Bc5
76. Ng2 Bb4 77. Nh4 Be7 0-1